 Dungeon Crawl Stone Soup version 0.23.2-33-g5129a83184 (webtiles) character file.

Game seed: 17801564974650047398

603 FishyPogo the Gusty (level 7, -4/56 HPs)
             Began as a Naga Air Elementalist on Aug 10, 2019.
             Killed by nerve-wracking pain
             ... invoked by an orc priest
              (8 damage)
             ... on level 4 of the Dungeon.
             The game lasted 00:24:51 (3651 turns).

FishyPogo the Gusty (Naga Air Elementalist)         Turns: 3651, Time: 00:24:51

Health: -4/56      AC:  7    Str: 10    XL:     7   Next: 42%
Magic:  20/22      EV:  9    Int: 17    God:
Gold:   221        SH:  0    Dex: 12    Spells: 7/14 levels left

rFire    . . .     SeeInvis +   a - +1 dagger (venom)
rCold    . . .     Gourm    .   (no shield)
rNeg     . . .     Faith    .   e - +0 leather armour
rPois    +         Spirit   .   q - +0 helmet
rElec    .         Reflect  .   x - scarf {cloud immunity}
rCorr    .         Harm     .   (no gloves)
MR       .....                  (no barding)
Stlth    ++........             (no amulet)
HPRegen  0.18/turn              d - +2 ring of protection
MPRegen  0.18/turn              t - ring of magical power

@: very slightly contaminated, invisible, very slow
A: large, see invisible, deformed body, poison resistance, slowness 2, slow
metabolism 1, spit poison 1, AC +2
a: Spit Poison


You were on level 4 of the Dungeon.
You were not hungry.

You visited 1 branch of the dungeon, and saw 4 of its levels.

You collected 221 gold pieces.

Inventory:

Hand Weapons
 a - a +1 dagger of venom (weapon)
Missiles
 w - a throwing net (quivered)
Armour
 e - a +0 leather armour (worn)
 q - a +0 helmet (worn)
 x - a scarf of cloud immunity (worn)
Jewellery
 d - a +2 ring of protection (left hand)
 k - an uncursed ring of flight
 t - a ring of magical power (right hand)
Wands
 s - a wand of paralysis (7)
Scrolls
 h - a scroll of amnesia {unknown}
 j - a scroll of fog {unknown}
 n - 3 scrolls of identify {unknown}
 o - a scroll of blinking {unknown}
 p - 2 scrolls of enchant weapon {unknown}
 r - a scroll of remove curse {unknown}
 u - a scroll of enchant armour {unknown}
Potions
 b - a potion of agility {unknown}
 f - 4 potions of curing
 g - 2 potions of brilliance {unknown}
 m - a potion of heal wounds {unknown}
 v - 2 potions of mutation {unknown}
Comestibles
 c - 7 rations


   Skills:
 + Level 0.8 Fighting
 + Level 1.4 Short Blades
 + Level 2.0 Armour
 - Level 2.0 Dodging
 - Level 3.0 Stealth
 * Level 4.3 Spellcasting
 * Level 3.9 Conjurations
 + Level 4.3 Air Magic


You had 7 spell levels left.
You knew the following spells:

 Your Spells              Type           Power        Failure   Level  Hunger
a - Shock                 Conj/Air       ###.         3%          1    None
b - Airstrike             Air            ###.......   32%         4    ####...
c - Swiftness             Chrm/Air       ##......     12%         2    ##.....

Your spell library contained the following spells:

 Spells                   Type           Power        Failure   Level  Hunger
 Static Discharge         Conj/Air       ###.....     11%         3    ###....
 Lightning Bolt           Conj/Air       ###.......   71%         5    ######.


Dungeon Overview and Level Annotations

Branches:
Dungeon (4/15)
 Temple: D:4-7

Altars:

Shops:
D:4 [

Annotations:
D:2 1 runed translucent door, Crazy Yiuf


Innate Abilities, Weirdness & Mutations

You cannot wear boots.
Your serpentine skin is tough. (AC +2)
You have supernaturally acute eyesight. (SInv)
Armour fits poorly on your strangely shaped body.
Your system is resistant to poisons. (rPois)
You cover ground very slowly.
You have a slow metabolism.
You can spit poison.


Message History

The zap hits the orc priest.
The orc priest is heavily wounded.
The zap misses the orc priest.
The orc priest looks encouraged for a moment.
An orc priest comes into view. It is wielding a +0 whip.
Okay, then.
It was a potion of curing.
You feel better.
The orc priest calls down the wrath of Beogh upon you.
Beogh smites you!
* * * LOW HITPOINT WARNING * * *
You fade into invisibility!
The orc priest hits you but does no damage.
You are very lightly contaminated with residual magic.
The orc priest mumbles some strange prayers to Beogh against something.
The orc priest shouts!
The orc priest calls down the wrath of Beogh upon something.
The orc priest shouts!
The orc priest calls down the wrath of Beogh upon you.
Pain shoots through your body!
You die...

#..............#######......#####
#.......###..### #...)#.#
######.####..# #....#.#
######.......# #....#.#
.......####.## #....#.#
.#####.####.# #......#
............# ###...###
....##.###### #######...#.####
.#..##.# #.@..oo..#.##.. .......#
#.#####..####.# .#.###.# #.#
#..####.# .......# #.# #.......#
...##### ###.# #.......# ####
##...## #..####.# #.##..#
#....##.### #.#...# ##.#.##.#8##
#)#.#.# #......'..##


You could see 2 orc priests.

Vanquished Creatures
  Grinder (D:3)
  Sigmund (D:2)
  An orc wizard (D:3)
  A worker ant (D:4)
  Robin (D:2)
  12 adders
  An ooze (D:1)
  2 worms (D:2)
  A dart slug (D:2)
  6 leopard geckos
  7 orcs
  A ball python (D:3)
  9 bats
  4 giant cockroaches
  14 goblins
  3 hobgoblins
  2 jackals (D:4)
  A quokka (D:3)
  4 frilled lizards
  4 kobolds
  4 rats
80 creatures vanquished.

Notes
Turn   | Place    | Note
-------+----------+-------------------------------------------
     0 | D:1      | FishyPogo the Naga Air Elementalist began the quest for the
                  | Orb.
     0 | D:1      | Reached XP level 1. HP: 15/15 MP: 3/3
   300 | D:1      | Reached XP level 2. HP: 16/22 MP: 3/5
  1131 | D:2      | Reached XP level 3. HP: 28/28 MP: 2/6
  1354 | D:2      | Noticed Sigmund
  1462 | D:2      | Noticed Robin
  1485 | D:2      | Reached XP level 4. HP: 24/36 MP: 0/7
  1711 | D:2      | Killed Robin
  1711 | D:2      | Reached skill level 1 in Armour
  1807 | D:2      | Found a runed translucent door.
  1808 | D:2      | Noticed Crazy Yiuf
  2235 | D:3      | Reached XP level 5. HP: 42/42 MP: 6/9
  2264 | D:3      | Reached skill level 1 in Short Blades
  2409 | D:3      | Noticed Grinder
  3012 | D:2      | Killed Sigmund
  3012 | D:2      | Reached XP level 6. HP: 35/50 MP: 3/11
  3148 | D:3      | Killed Grinder
  3148 | D:3      | Reached XP level 7. HP: 36/56 MP: 4/13
  3298 | D:4      | Learned a level 4 spell: Airstrike
  3378 | D:4      | Found Ydiqused's Armour Shop.
  3560 | D:4      | Learned a level 2 spell: Swiftness
  3645 | D:4      | HP: 2/56 [orc priest/divine providence (14)]
  3651 | D:4      | Killed from afar by an orc priest

Skill      XL: |  1  2  3  4  5  6 |
---------------+-------------------+-----
Dodging        | 2 |  2.0
Armour         | 1 2 |  2.0
Conjurations   | 2 3 |  3.9
Short Blades   | 1 |  1.4
Spellcasting   | 3 4 |  4.3
Air Magic      | 4 |  4.3
Fighting       | |  0.8
Stealth        | |  3.0

Action                   |  1- 3 |  4- 6 |  7- 9 || total
-------------------------+-------+-------+-------++-------
Melee: Dagger            |    18 |    36 |    15 ||    69
 Cast: Shock             |    31 |    67 |    22 ||   120
       Swiftness         |       |       |     1 ||     1
 Abil: Spit Poison       |    16 |    22 |     5 ||    43
  Use: Potion            |       |       |     2 ||     2
 Stab: Sleeping          |     1 |     4 |     1 ||     6
  Eat: Chunk             |     2 |     6 |     2 ||    10
Armor: Leather armour    |    14 |    17 |     6 ||    37
Dodge: Dodged            |    12 |    25 |    11 ||    48
